 Dungeon Sprint DCSS version 0.28.0-53-g5a82cb258f (webtiles) character file.

Game seed: 1949088027584935686

254 Zeld the Skirmisher (level 5, -6/51 HPs)
             Began as a Palentonga Fighter on May 30, 2022.
             Was an Initiate of Okawaru.
             Mangled by a spriggan
             ... wielding a +0 dagger
              (12 damage)
             ... in the Dungeon (Sprint IV: "Fedhas' Mad Dash").
             The game lasted 00:00:49 (720 turns).

Zeld the Skirmisher (Palentonga Fighter)             Turns: 720, Time: 00:00:50

Health: -6/51      AC:  7    Str: 21    XL:     5   Next: 90%
Magic:  4/5        EV:  8    Int:  8    God:    Okawaru [......]
Gold:   66         SH:  4    Dex: 10    Spells: 4/4 levels left

rFire   . . .      SeeInvis +   a - +0 war axe
rCold   . . .      Faith    .   c - +0 buckler
rNeg    . . .      Spirit   .   b - +0 scale mail
rPois   .          Reflect  .   (no helmet)
rElec   .          Harm     .   (no cloak)
rCorr   .          Rampage  .   (no gloves)
Will    .....      NoTele   +   (no barding)
Stlth   ..........              l - amulet of invisibility {+Inv}
HPRegen 0.17/turn               (no ring)
MPRegen 0.09/turn               (no ring)

@: very slightly contaminated
A: large, rugged brown scales 3, see invisible, deformed body, roll 1, armoured
tail
a: Rolling Charge, Renounce Religion, Evoke Invisibility


You were in the Dungeon.
You worshipped Okawaru.
Okawaru was noncommittal.
You visited 1 branch You collected 66 gold pieces.

Inventory:

Hand Weapons
 a - a +0 war axe (weapon)
Armour
 b - a +0 scale mail (worn)
 c - a +0 buckler (worn)
Jewellery
 l - the amulet of invisibility (around neck) {+Inv}
   (You found it in the Dungeon)

   [amulet of nothing]

   +Inv:      It lets you turn invisible.
Scrolls
 j - a scroll of blinking
 m - a scroll of acquirement {unknown}
Potions
 d - a potion of might
 e - a potion of curing
 f - a potion of heal wounds
 g - a potion of haste
 h - 2 potions of magic
 i - a potion of berserk rage
 k - a potion of invisibility {unknown}


   Skills:
 * Level 7.2 Fighting
 * Level 6.8 Axes
 + Level 4.5 Armour
 + Level 3.6 Dodging
 + Level 4.5 Shields


You had 4 spell levels left.
You didn't know any spells.
Your spell library was empty.

Dungeon Overview and Level Annotations

Branches:
Dungeon (1/1)

Altars:
Cheibriados
Dithmenos
Elyvilon
Gozag
Hepliaklqana
Kikubaaqudgha
Makhleb
Nemelex Xobeh
Okawaru
Qazlal
Ru
Sif Muna
Trog
Uskayaw
Vehumet
Wu Jian
Xom
Yredelemnul
Zin
The Shining One
Beogh
Jiyva
Lugonu


Innate Abilities, Weirdness & Mutations

You are completely covered in rugged brown scales. (AC +3, +7% HP)
You have supernaturally acute eyesight. (SInv)
Armour fits poorly on your strangely shaped body.
You can roll at nearby foes to attack.
You have a long armoured tail.


Message History

The scorpion barely misses you.
Unknown command.
You slash the scorpion!
The scorpion is severely wounded.
The scorpion stings you but does no damage.
You barely miss the scorpion.
The scorpion is severely wounded.
The scorpion barely misses you.
Unknown command.
You barely miss the scorpion.
The scorpion is severely wounded.
You flicker for a moment.
The scorpion stings you.
The scorpion stings you but does no damage.
Unknown command.
You closely miss the scorpion.
Your tail-slap misses the scorpion.
The scorpion is severely wounded.
The scorpion closely misses you. The scorpion barely misses you.
You closely miss the scorpion.
The scorpion is severely wounded.
The scorpion stings you.
You closely miss the scorpion. You tail-slap the scorpion.
You kill the scorpion!
Okawaru accepts your kill.
The spriggan hits you but does no damage.
Your Fighting skill increases to level 7!
You closely miss the spriggan.
You flicker back into view.
The spriggan hits you with a +0 dagger.
You closely miss the spriggan.
Your tail-slap misses the spriggan.
You block the spriggan's attack.
You miss the spriggan.
Your tail-slap misses the spriggan.
The spriggan hits you with a +0 dagger! x2
You barely miss the spriggan. The spriggan hits you with a +0 dagger!
* * * LOW HITPOINT WARNING * * *
You miss the spriggan. You block the spriggan's attack.
You miss the spriggan. The spriggan hits you with a +0 dagger.
* * * LOW HITPOINT WARNING * * *
You barely miss the spriggan. The spriggan hits you with a +0 dagger!
You die...

######################
#.⌠._._._._.⌠.#.@i$..#
'.._._._._._..'..#$.$#
#..._._._._...#..# #+#
#.._._._._._..#..#
#._._._._._.⌠.####
###############


You could see a spriggan.

Vanquished Creatures
  2 scorpions (D)
  3 oklob saplings (D)
  A spriggan (D)
  A river rat (D)
  A rat (D)
8 creatures vanquished.

Notes
Turn   | Place    | Note
-------+----------+-------------------------------------------
     0 | D        | Zeld the Palentonga Fighter began the quest for the Orb.
     0 | D        | Reached XP level 1. HP: 19/19 MP: 1/1
    11 | D        | Reached skill level 1 in Dodging
    11 | D        | Reached XP level 2. HP: 16/26 MP: 2/2
   167 | D        | Noticed an oklob sapling
   169 | D        | Killed an oklob sapling
   170 | D        | Reached skill level 4 in Fighting
   170 | D        | Reached XP level 3. HP: 22/33 MP: 3/3
   366 | D        | Noticed a scorpion
   366 | D        | Found the amulet of invisibility {+Inv}
   372 | D        | Killed a scorpion
   373 | D        | Reached skill level 5 in Fighting
   373 | D        | Reached skill level 5 in Axes
   373 | D        | Reached XP level 4. HP: 31/41 MP: 4/4
   588 | D        | Found an opulent altar of Gozag.
   588 | D        | Found a hazy altar of Hepliaklqana.
   588 | D        | Found a burning altar of Makhleb.
   588 | D        | Found a sparkling altar of Nemelex Xobeh.
   588 | D        | Found a snail-covered altar of Cheibriados.
   588 | D        | Found a sacrificial altar of Ru.
   588 | D        | Found a shimmering blue altar of Sif Muna.
   588 | D        | Found a shimmering altar of Xom.
   588 | D        | Found a basalt altar of Yredelemnul.
   589 | D        | Found a viscous altar of Jiyva.
   589 | D        | Found a bloodstained altar of Trog.
   589 | D        | Found an ornate altar of the Wu Jian Council.
   590 | D        | Found an iron altar of Okawaru.
   590 | D        | Found a shadowy altar of Dithmenos.
   590 | D        | Found a glowing silver altar of Zin.
   591 | D        | Found an ancient bone altar of Kikubaaqudgha.
   591 | D        | Found a hide-covered altar of Uskayaw.
   592 | D        | Found a stormy altar of Qazlal.
   592 | D        | Found a white marble altar of Elyvilon.
   592 | D        | Found a glowing golden altar of the Shining One.
   593 | D        | Found a corrupted altar of Lugonu.
   593 | D        | Found a radiant altar of Vehumet.
   598 | D        | Became a worshipper of Warmaster Okawaru
   604 | D        | Reached skill level 6 in Fighting
   604 | D        | Reached XP level 5. HP: 37/49 MP: 3/5
   714 | D        | Reached skill level 7 in Fighting
   720 | D        | Mangled by a spriggan

Illustrated notes

Levels and vault maps discovered:
D:        dungeon_sprint_fedhas [sprint_temple]

Skill      XL: |  1  2  3  4  5 |
---------------+----------------+-----
Axes           | 3 5 6 |  6.8
Dodging        | 1 2 3 |  3.6
Fighting       | 4 5 6 7 |  7.2
Armour         | 3 4 |  4.5
Shields        | 3 4 |  4.5

Action                   |  1- 3 |  4- 6 || total
-------------------------+-------+-------++-------
Melee: War axe           |    12 |    21 ||    33
       Tailslap          |     1 |     2 ||     3
 Abil: Evoke Invisibilit |       |     3 ||     3
       Rolling Charge    |       |     2 ||     2
 Stab: Invisible         |       |     1 ||     1
Armor: Scale mail        |     4 |     3 ||     7
Dodge: Dodged            |     5 |     5 ||    10
Block: Buckler           |     1 |     3 ||     4
